 Dungeon Crawl Stone Soup version 0.22-a0-445-g8c8ef71 (webtiles) character file.

4 4thArraOfDagon the Firebug (level 1, -1/14 HPs)
             Began as a Draconian Fire Elementalist on June 2, 2018.
             Slain by a jackal (2 damage)
             ... on level 3 of the Dungeon.
             The game lasted 00:01:34 (314 turns).

4thArraOfDagon the Firebug (DrFE)                    Turns: 314, Time: 00:01:36

Health: -1/14      AC:  4    Str: 10    XL:     1   Next: 58%
Magic:  2/3        EV: 12    Int: 15    God:
Gold:   22         SH:  0    Dex: 11    Spells: 3/4 levels left

rFire    . . .     SeeInvis .   (no weapon)
rCold    . . .     Gourm    .   (no shield)
rNeg     . . .     Faith    .   (armour unavailable)
rPois    .         Spirit   .   (helmet restricted)
rElec    .         Reflect  .   (no cloak)
rCorr    .         Harm     .   (no gloves)
MR       .....                  (no boots)
Stlth    ++........             (no amulet)
HPRegen  0.04/turn              (no ring)
MPRegen  0.08/turn              (no ring)

@: no status effects
A: unfitting armour, cold-blooded, AC +4
a: no special abilities


You were on level 3 of the Dungeon.
You were not hungry.

You visited 1 branch of the dungeon, and saw 4 of its levels.

You collected 22 gold pieces.

Inventory:

Wands
 a - a wand of digging (10)
Comestibles
 b - 2 rations


   Skills:
 - Level 1.7 Dodging
 - Level 1.7 Stealth
 + Level 2.0 Spellcasting
 * Level 1.2 Conjurations
 * Level 3.1 Fire Magic


You had 3 spell levels left.
You knew the following spells:

 Your Spells              Type           Power        Failure   Level  Hunger
a - Flame Tongue          Conj/Fire      #....        9%          1    #......

Your spell library contained the following spells:

 Spells                   Type           Power        Failure   Level  Hunger
 Fireball                 Conj/Fire      #.........   94%         5    ######.
 Conjure Flame            Conj/Fire      #.......     26%         3    ###....
 Throw Flame              Conj/Fire      #.....       14%         2    ###....
 Sticky Flame             Conj/Fire      #.......     65%         4    #####..
 Inner Flame              Hex/Fire       #.......     34%         3    ###....


Dungeon Overview and Level Annotations

Branches:
Dungeon (4/15)
 Temple: D:4-7

Altars:
Uskayaw

Annotations:
D:3 Grinder, Natasha


Innate Abilities, Weirdness & Mutations

Your plain brown scales are hard. (AC +4)
You cannot fit into any form of body armour.
You are cold-blooded and may be slowed by cold attacks.


Message History

Unknown command.
The jackal barely misses you.
Unknown command.
Unknown command.
Unknown command.
Unknown command.
A bat comes into view.
The jackal misses you.
Unknown command.
Unknown command.
Casting: Flame Tongue (safe; 9% risk of failure)
Confirm with . or Enter, or press ? or * to list all spells.
Aiming: Flame Tongue (safe; 9% risk of failure)
Press: ? - help, Shift-Dir - straight line, f - jackal
Aim: a jackal The flame tongue misses the jackal.
The flame tongue misses the goblin.
The crimson imp disappears in a puff of smoke!
The jackal bites you but does no damage.
The jackal bites you.
You die...

# #.# #
#.############
######.
#....h.55....#
.......
############.##
######
########5..# #
...........# #
.#######...# #
########.## #
#.@hg.5h.# #
.b.....######.#
# ######. #.# #
#. #.# # .. #.#
# ## [.. # #..
... .


You could see Grinder, Natasha, a jackal, a goblin and a bat (sleeping).

Vanquished Creatures
  A goblin (D:1)
  2 jackals
  A bat (D:3)
4 creatures vanquished.

Notes
Turn   | Place    | Note
-------+----------+-------------------------------------------
     0 | D:1      | 4thArraOfDagon the Draconian Fire Elementalist began the quest for the Orb.
     0 | D:1      | Reached XP level 1. HP: 14/14 MP: 3/3
   148 | D:3      | Noticed Natasha
   166 | D:4      | Found a hide-covered altar of Uskayaw.
   179 | D:4      | Noticed an orc wizard
   206 | D:4      | Noticed an orc priest
   253 | D:3      | Noticed a crimson imp
   268 | D:3      | Noticed a crimson imp
   298 | D:3      | Noticed a crimson imp
   299 | D:3      | Noticed a crimson imp
   304 | D:3      | Noticed Grinder
   314 | D:3      | Slain by a jackal

Vault maps used:
D:1:      wheals_arrival_linesprint
D:2:      lemuel_doored_altar, chequers_ecumenical_altar_twisty, uniq_sigmund
D:3:      grunt_ministairs_3, uniq_grinder, uniq_natasha
D:4:      lemuel_upstairs_altar, nicolae_overflow_crystal_walls,
          minmay_temple_entry_glass, first_ration, uniq_eustachio

Action                   || total
-------------------------++-------
Melee: Unarmed           ||     6
 Cast: Flame Tongue      ||    11
Evoke: Wand              ||     1
  Use: Scroll            ||     1
       Potion            ||     1
Armor: Skin              ||    13
Dodge: Dodged            ||    35

Table legend:
 A = Spawn XP
 B = Non-spawn XP
 C = Spawn XP percentage of total XP
 D = Spawn monster count
 E = Non-spawn monster count
 F = Spawn count percentage of total count
 G = Total turns spent on level
                    A         B        C        D         E        F      G
               +---------+---------+-------+---------+---------+-------+---------
         Total |       0 |       7 |   0.0 |       0 |       4 |   0.0 |   314
               +---------+---------+-------+---------+---------+-------+---------
           D:1 |       0 |       2 |   0.0 |       0 |       1 |   0.0 |   117
           D:3 |       0 |       3 |   0.0 |       0 |       2 |   0.0 |    82
           D:4 |       0 |       2 |   0.0 |       0 |       1 |   0.0 |    89
               +---------+---------+-------+---------+---------+-------+---------
